 Dungeon Crawl Stone Soup version 0.19-a0-1882-gbb73ea0 (webtiles) character file.

2410 dvd the Tainter (level 9, -6/55 HPs)
             Began as an Octopode Venom Mage on Oct 14, 2016.
             Was an Initiate of Ashenzari.
             Killed from afar by ThereIsNoGod's ghost (13 damage)
             ... with a rocky blast
             ... on level 4 of the Dungeon.
             The game lasted 00:21:14 (7452 turns).

dvd the Tainter (Octopode Venom Mage)               Turns: 7452, Time: 00:21:15

Health: -6/55      AC:  1    Str:  8    XL:     9   Next: 47%
Magic:  17/17      EV: 14    Int: 20    God:    Ashenzari [......]
Gold:   239        SH:  0    Dex: 12    Spells: 3 memorised, 9 levels left

rFire  . . .     SeeInvis .     v - +2 long sword (holy)
rCold  . . .     Gourm    .     (no shield)
rNeg   . . .     Faith    .     (helmet restricted)
rPois  .         Spirit   .     y - amulet of harm
rElec  .         Dismiss  .     (no ring)
rCorr  .         Reflect  .     (no ring)
MR     .....     Harm     +     (no ring)
Stlth  ++++......               (no ring)
                                (no ring)
                                (no ring)
                                (no ring)
                                (no ring)

@: no status effects
A: almost no armour, stealthy swim, amphibious, 8 rings, constrict 8, camouflage
1, gelatinous body 1
a: Curse Item, Renounce Religion


You were on level 4 of the Dungeon.
You worshipped Ashenzari.
Ashenzari was noncommittal.
You were not hungry.

You visited 1 branch of the dungeon, and saw 6 of its levels.

You collected 239 gold pieces.

Inventory:

Hand Weapons
 a - the +4 mace of Discord {crush, rN+}
   (You found it on level 4 of the Dungeon)

   It inflicts extra damage upon your enemies.
   It protects you from negative energy.
 u - a +1 short sword of freezing
 v - a +2 long sword of holy wrath (weapon)
 z - a +2 whip of flaming
Missiles
 s - 2 poisoned javelins (quivered)
 A - 6 poisoned tomahawks
Jewellery
 t - an uncursed ring of fire
 y - an amulet of harm (around mantle)
Scrolls
 e - 6 scrolls of identify {unknown}
 g - a scroll of remove curse
 j - 2 scrolls of blinking {unknown}
 k - 2 scrolls of magic mapping {unknown}
 l - 2 scrolls of enchant weapon {unknown}
 m - 3 scrolls of enchant armour
 n - 2 scrolls of teleportation {unknown}
 o - 2 scrolls of noise {unknown}
 p - 2 scrolls of random uselessness {unknown}
 q - 2 scrolls of fog {unknown}
Potions
 c - 2 potions of flight {unknown}
 f - a potion of cure mutation {unknown}
 i - 2 potions of agility {unknown}
 w - a potion of heal wounds {unknown}
Books
 x - a Young Poisoner's Handbook

   Spells                             Type                      Level
   a - Sting                          Conjuration/Poison           1
   b - Mephitic Cloud                 Conjuration/Poison/Air       3
   c - Olgreb's Toxic Radiance        Poison                       4
   d - Alistair's Intoxication        Transmutation/Poison         5
   e - Venom Bolt                     Conjuration/Poison           5
Comestibles
 b - 3 bread rations
 h - 2 meat rations


   Skills:
 + Level 2.7 Fighting
 + Level 3.5 Long Blades
   Level 1.1(2.4) Axes
 + Level 3.4(3.5) Maces & Flails
 + Level 1.0 Throwing
 + Level 3.8 Dodging
 + Level 5.4 Stealth
 + Level 5.8 Spellcasting
 + Level 3.0 Conjurations
 + Level 9.3 Poison Magic


You had 9 spell levels left.
You knew the following spells:

 Your Spells              Type           Power        Failure   Level  Hunger
a - Sting                 Conj/Pois      ####         1%          1    None
b - Olgreb's Toxic Radia  Pois           #####...     2%          4    ####...
c - Venom Bolt            Conj/Pois      ####......   24%         5    #####..


Dungeon Overview and Level Annotations

Branches:
Dungeon (6/15)
 Temple: D:4-7

Altars:
Ashenzari
Fedhas
Nemelex Xobeh

Annotations:
D:4 ThereIsNoGod's ghost, amateur SpEE


Innate Abilities, Weirdness & Mutations

You cannot wear most types of armour.
You are very stealthy in the water. (Stealth+)
You are amphibious.
You can wear up to eight rings at the same time.
You can use your tentacles to constrict eight enemies at once.
Your skin changes colour to match your surroundings (Stealth+).
Your rubbery body absorbs attacks. (AC +1, EV +1)


Message History

ThereIsNoGod's ghost misses you.
You riposte.
You hit ThereIsNoGod's ghost but do no damage.
Your squeeze misses ThereIsNoGod's ghost.
ThereIsNoGod's ghost is lightly damaged.
You feel better. ThereIsNoGod's ghost hits you.
* * * LOW HITPOINT WARNING * * *
You feel better.
ThereIsNoGod's ghost gestures at you while chanting.
The stone arrow hits you!
* * * LOW HITPOINT WARNING * * *
Unknown command.
You feel better. ThereIsNoGod's ghost misses you.
Unknown command.
ThereIsNoGod's ghost misses you.
You riposte.
You hit ThereIsNoGod's ghost.
ThereIsNoGod's ghost convulses.
ThereIsNoGod's ghost is heavily damaged.
ThereIsNoGod's ghost frowns in concentration.
ThereIsNoGod's ghost casts a spell at you.
The rocky blast hits you!
You die...

#.. . #.. .# #.. ..#
###.. ######..#
#.... #.......#
#.... #.......#
#.... #.......+
#....
###@############....
#.........[.......##
#?...W............#
#....†............#
#.................#
#....%............#
#.....$...........#
###+###.......#####
...'.......#


You could see ThereIsNoGod's ghost.

Vanquished Creatures
  Pikel (D:6)
  Prince Ribbit (D:6)
  Grinder (D:6)
  4 slaves (D:6)
  An ice beast (D:6)
  A phantom (D:5)
  3 ogres
  3 centaurs
  A bullfrog (D:6)
  2 scorpions
  A howler monkey (D:5)
  A bullfrog zombie (D:6)
  3 electric eels (D:6)
  A jelly (D:5)
  2 hounds
  An orc priest (D:5)
  2 iguanas
  3 orc wizards
  A worker ant (D:5)
  4 gnolls (D:5)
  8 adders
  4 shadow imps
  6 worms
  4 leopard geckos
  17 orcs
  7 giant cockroaches
  7 goblins
  2 hobgoblins (D:2)
  8 jackals
  4 kobolds
  A ball python (D:2)
  5 bats
  5 frilled lizards
  2 rats
117 creatures vanquished.

Notes
Turn   | Place    | Note
-------+----------+-------------------------------------------
     0 | D:1      | dvd the Octopode Venom Mage began the quest for the Orb.
     0 | D:1      | Reached XP level 1. HP: 11/11 MP: 3/3
   184 | D:1      | Reached skill level 5 in Poison Magic
   352 | D:1      | Reached XP level 2. HP: 17/17 MP: 1/5
   807 | D:2      | Reached XP level 3. HP: 21/21 MP: 1/6
  1703 | D:2      | Reached XP level 4. HP: 25/27 MP: 1/7
  1709 | D:2      | Learned a level 4 spell: Olgreb's Toxic Radiance
  1836 | D:3      | Reached skill level 1 in Conjurations
  2590 | D:4      | Found a blossoming altar of Fedhas.
  2604 | D:4      | Reached skill level 6 in Poison Magic
  2604 | D:4      | Reached XP level 5. HP: 31/31 MP: 9/9
  2691 | D:4      | Noticed ThereIsNoGod's ghost (amateur SpEE)
  3046 | D:4      | Got a polished mace
  3047 | D:4      | Identified the +4 mace of Discord {crush, rN+} (You found it on level 4 of the Dungeon)
  3114 | D:5      | Entered Level 5 of the Dungeon
  3136 | D:5      | Reached skill level 1 in Axes
  3302 | D:5      | Noticed a centaur
  3591 | D:5      | Killed a centaur
  3591 | D:5      | Reached XP level 6. HP: 20/37 MP: 3/10
  3771 | D:5      | Reached skill level 1 in Long Blades
  3842 | D:5      | Reached skill level 1 in Maces & Flails
  3842 | D:5      | Reached XP level 7. HP: 39/42 MP: 3/11
  4092 | D:5      | Reached skill level 1 in Fighting
  4092 | D:5      | Reached skill level 7 in Poison Magic
  4945 | D:5      | Found a sparkling altar of Nemelex Xobeh.
  5466 | D:5      | Learned a level 5 spell: Venom Bolt
  5516 | D:6      | Found a shattered altar of Ashenzari.
  5553 | D:6      | Noticed Prince Ribbit
  5554 | D:6      | Reached XP level 8. HP: 48/48 MP: 9/14
  5560 | D:6      | Killed Prince Ribbit
  5574 | D:6      | Found a shattered altar of Ashenzari.
  5626 | D:6      | Became a worshipper of Ashenzari the Shackled
  5675 | D:6      | Reached skill level 1 in Throwing
  5706 | D:6      | Noticed Pikel
  5721 | D:6      | Killed Pikel
  5721 | D:6      | Reached skill level 5 in Stealth
  5721 | D:6      | Reached skill level 5 in Spellcasting
  5721 | D:6      | Reached skill level 8 in Poison Magic
  5721 | D:6      | Reached XP level 9. HP: 40/54 MP: 1/17
  6097 | D:6      | Noticed Grinder
  6122 | D:6      | Paralysed by Grinder for 4 turns
  6130 | D:6      | Killed Grinder
  6557 | D:6      | Reached skill level 9 in Poison Magic
  7446 | D:4      | HP: 2/55 [ThereIsNoGod's ghost/rocky blast (8)]
  7452 | D:4      | Killed from afar by ThereIsNoGod's ghost

Vault maps used:
D:1:      dpeg_arrival_houses_and_road
D:2:      minmay_nonomino_d4
D:3:      first_bread
D:4:      grunt_temple_overflow_champion_of_chaos, fedhas_altar_1
D:5:      nemelex_xobeh_ov_fountains_minmay
D:6:      ashenzari_conservatory_becter, serial_bayou, serial_bayou_pond_e,
          serial_bayou_pond_e, serial_bayou_shore_a, serial_bayou_ford_a,
          ashenzari_altar_1, uniq_grinder, uniq_prince_ribbit1, uniq_pikel

Skill      XL: |  1  2  3  4  5  6  7  8  9 |
---------------+----------------------------+-----
Poison Magic   | 5 6 7 8 9 |  9.3
Stealth        | 3 4 5 |  5.4
Conjurations   | 1 2 3 |  3.0
Axes           | 1 |  1.1
Spellcasting   | 3 4 5 |  5.8
Long Blades    | 1 3 |  3.5
Maces & Flails | 1 2 3 |  3.4
Fighting       | 1 2 |  2.7
Dodging        | 3 |  3.8
Throwing       | 1 |  1.0

Action                   |  1- 3 |  4- 6 |  7- 9 || total
-------------------------+-------+-------+-------++-------
Melee: Hand axe          |    29 |    11 |       ||    40
       Constrict         |     3 |    13 |    11 ||    27
       Tentacles         |     2 |     5 |    11 ||    18
       Long sword        |       |     7 |    37 ||    44
       Mace              |       |    25 |    63 ||    88
Throw: Javelin           |       |       |     5 ||     5
 Cast: Sting             |    54 |    35 |    54 ||   143
       Olgreb's Toxic Ra |       |     8 |    22 ||    30
  Use: Potion            |       |       |     6 ||     6
       Scroll            |       |       |     1 ||     1
 Stab: Sleeping          |     3 |     3 |     2 ||     8
       Distracted        |       |       |     1 ||     1
  Eat: Chunk             |     3 |     4 |    16 ||    23
       Pizza             |       |     1 |       ||     1
       Beef jerky        |       |     1 |       ||     1
Armor: Skin              |     8 |     2 |     4 ||    14
Dodge: Dodged            |    24 |    40 |    81 ||   145
       Rpst.: Long sword |       |     2 |    11 ||    13
